 Dungeon Crawl Stone Soup version 0.31-a0-960-g0fca184906 (webtiles) character file.

Game seed: 2136475767383348948

84 Xavori the Trooper (level 4, 0/35 HPs)
             Began as a Djinni Chaos Knight on Oct 23, 2023.
             Was a Plaything of Xom.
             Slain by an iron imp (5 damage)
             ... summoned by Xom
             ... on level 3 of the Dungeon.
             The game lasted 00:01:32 (4275 turns).

Xavori the Trooper (Djinni Chaos Knight)            Turns: 4275, Time: 00:01:33

Health: 0/35       AC:  7    Str: 10    XL:     4   Next: 74%
Gold:   57         EV: 11    Int: 17    God:    Xom [*.....] SH:  3 Dex: 12

rFire   + + +        a - +0 falchion (chaos)
rCold   x . .        j - +0 buckler
rNeg    . . .        b - +2 leather armour
rPois   ∞            (no helmet)
rElec   .            (no cloak)
rCorr   .            (no gloves)
SInv    .            (boots unavailable)
Will    .....        (no amulet)
Stlth   +            m - ring of protection from fire
HPRegen 0.25/turn    (no ring)
MPRegen 0.00/turn

%: clarity, infuse magic (-1 HP)
@: flying
A: sickness immunity, fire resistance 2, cold vulnerability 1, float, innate
caster, HP casting, extra vitality 1, iridescent scales 1, clarity, clever 1,
clumsy 1, sense surroundings 1
a: Renounce Religion


You were on level 3 of the Dungeon.
You worshipped Xom.
You were a special plaything of Xom.
You visited 1 branch of the dungeon, and saw 3 of its levels.

You collected 57 gold pieces.

Inventory:

Hand Weapons
 a - a +0 falchion of chaos (weapon)
Armour
 b - a +2 leather armour (worn)
 j - a +0 buckler (worn)
Jewellery
 m - a ring of protection from fire (left hand)
Scrolls
 c - a scroll of butterflies
 d - a scroll of enchant weapon {unknown}
 f - a scroll of immolation {unknown}
 i - a scroll of identify {unknown}
 l - 2 scrolls of silence {unknown}
 n - a scroll of brand weapon {unknown}
 o - a scroll of teleportation {unknown}
Potions
 e - a potion of berserk rage {unknown}
 g - a potion of degeneration {unknown}
 h - a potion of mutation {unknown}
 k - a potion of heal wounds {unknown}
 p - a potion of lignification {unknown}
 q - a potion of might {unknown}


   Skills:
 + Level 3.5 Fighting
 * Level 3.4 Long Blades
 + Level 2.0 Armour
 + Level 3.0 Dodging


You knew the following spells:

 Your Spells              Type           Power      Damage    Failure   Level
a - Slow                  Hex            0%         N/A       43%         1
Your spell library was empty.

Dungeon Overview and Level Annotations

Branches:
Dungeon (3/15)

Altars:
Xom

Shops:
D:1 [*([:


Innate Abilities, Weirdness & Mutations

You are immune to sickness and miasma.
You are immune to poison.
Your flesh is very heat resistant. (rF++)
You are vulnerable to cold. (rC-)
You float through the air rather than walking.
You learn spells naturally, not from books.
Your magical power is your life essence.
You have superior vitality. (+4 MHP)
You are partially covered in iridescent scales. (AC +2)
You possess an exceptional clarity of mind.
Your mind is acute. (Int +4, Str/Dex -1)
You are clumsy. (Dex -2)
You passively map a small area around you.


Message History

Your white imp dies!
Your white imp disappears in a puff of smoke!
Your white imp hits the orc.
The orc dies!
Something hits your iron imp.
Your iron imp closely misses your white imp.
Your iron imp hits itself but does no damage.
Unknown command.
Something hits your iron imp but does no damage.
You hear some strange, mumbled words.
Your iron imp appears confused.
Things that are here:
a +0 mace; a +0 chain mail; an orc corpse You swap places.
Something hits you.
You slash something!
Reactivating autopickup.
You feel a bit more experienced.
Your Armour skill increases to level 2!
Your Dodging skill increases to level 3!
You hit the endoplasm. You burn the endoplasm.
You kill the endoplasm!
The orc throws a boomerang.
The boomerang misses your white imp. The boomerang misses you.
Your iron imp closely misses you.
Your white imp hits the orc but does no damage.
You swap places.
The orc closely misses you.
Your iron imp hits your white imp.
Things that are here:
a +0 dagger; a +0 robe You hit the orc.
The orc is severely wounded.
The orc hits you with a +0 whip. x2
* * * LOW HITPOINT WARNING * * *
You barely miss the orc.
The orc is severely wounded.
The orc hits you with a +0 whip.
* * * LOW HITPOINT WARNING * * *
You hit the orc.
You kill the orc!
You swap places.
Your iron imp hits you.
You die... "Huh?
Did I miss anything?"

##.##
#.......#####.#
#### #.#####.####*
* * # #.# #.##.., ,
#######.#####.##.#
,
............#.##.##
,, ,
######...##.#.....
, # ##..##.####)# #
, # ##.##.#
#5##.##.<,, #
#.##.####@5).$..# *
, #
#.##....b....#### #
#.############ * #
*#.# # ,* # , * * #
, # * ** * *


You could see a friendly iron imp (summoned, confused) and a friendly white imp
(summoned).

Vanquished Creatures
  An orc wizard (D:3)
  A dart slug (D:1)
  2 orcs (D:3)
  2 ball pythons (D:1)
  4 bats
  3 endoplasms
  A giant cockroach (D:1)
  3 hobgoblins
  2 jackals (D:1)
  A kobold (D:1)
  3 frilled lizards
  3 goblins
  A rat (D:2)
27 creatures vanquished.

Vanquished Creatures (collateral kills)
  An orc priest (D:3)
  An orc (D:3)
  A bat (D:3)
3 creatures vanquished.

Grand Total: 30 creatures vanquished

Notes
Turn   | Place    | Note
-------+----------+-------------------------------------------
     0 | D:1      | Xavori the Djinni Chaos Knight began the quest for the Orb.
     0 | D:1      | Reached XP level 1. HP: 20/20 MP: 0/0
    33 | D:1      | XOM: divination: detect items
    64 | D:1      | Found Vakhlyism's Book Shoppe.
   103 | D:1      | Found Aheasmics's Armour Shop.
   117 | D:1      | Reached XP level 2. HP: 25/25 MP: 0/0
   135 | D:1      | XOM: silly message
   244 | D:1      | Found a faded altar of an unknown god.
   270 | D:1      | Found Vumopu's Armour Boutique.
   272 | D:1      | Found Bixefyodgh's Assorted Antiques.
   379 | D:1      | XOM: 3-stop teleportation journey
   389 | D:1      | XOM: silly message
   421 | D:1      | XOM: give mutations
   421 | D:1      | Gained mutation: You are clumsy. (Dex -2) [Xom's mischief]
   421 | D:1      | Gained mutation: Your mind is acute. (Int +4, Str/Dex -1)
                  | [Xom's mischief]
   500 | D:1      | XOM: give mutation
   500 | D:1      | Gained mutation: You passively map a small area around you.
                  | [Xom's mischief]
   626 | D:1      | Found Ynawushry's Weapon Boutique.
  1090 | D:1      | XOM: summons 1 hostile demon
  1130 | D:2      | XOM: cloud trail
  1656 | D:1      | XOM: noise
  1686 | D:1      | XOM is BORED!
  2443 | D:1      | XOM: divination: magic mapping
  3317 | D:1      | XOM: give mutations
  3317 | D:1      | Gained mutation: You possess an exceptional clarity of
                  | mind. [Xom's grace]
  3317 | D:1      | Gained mutation: You are partially covered in iridescent
                  | scales. (AC +2) [Xom's grace]
  3680 | D:2      | Reached XP level 3. HP: 30/30 MP: 0/0
  3680 | D:2      | Learned a level 1 spell: Slow
  4222 | D:3      | XOM: scenery: create altars
  4258 | D:3      | XOM: summons 3 friendly demons
  4259 | D:3      | XOM: butterfly on damage
  4260 | D:3      | Reached XP level 4. HP: 14/35 MP: 0/0
  4275 | D:3      | Slain by an iron imp

Illustrated notes

Levels and vault maps discovered:
D:1:      heliophobic_arrival_glass_houses, layout_basic,
          shapermc_ecumenical_altar_notcrosses, serial_shops,
          nicolae_lakefront_shop, nicolae_shop_temple_entry_statues_fountains,
          shop, shop_statue, shop, palyth_stone_intersect
D:2:      layout_loops_ring, chequers_serial_rivers_micro_c,
          minmay_misc_feat_iff
D:3:      layout_loops_ring, doesnt_xom_only_xom, serial_shops,
          nicolae_shop_industrial_runoff, nicolae_shop_behind_doors, shop,
          grunt_ministairs_10

Skill      XL: |  1  2  3  4 |
---------------+-------------+-----
Long Blades    | 3 |  3.4
Armour         | 2 |  2.0
Dodging        | 3 |  3.0
Fighting       | |  3.5

Action                     |  1- 3 |  4- 6 || total
---------------------------+-------+-------++-------
  Melee: Falchion          |    69 |     8 ||    77
 Armour: Leather armour    |    55 |    10 ||    65
  Dodge: Dodged            |    48 |     5 ||    53
  Block: Buckler           |     7 |     1 ||     8

Table legend: (Time is in decaauts)
 A = Elapsed time spent in this place.
 B = Non-inter-level travel time spent in this place.
 C = Inter-level travel time spent in this place.
 D = Time resting spent in this place.
 E = Time spent auto-exploring this place.
 F = Levels seen in this place.
 G = Mean time per level.
                   A        B        C        D        E       F      G
               +--------+--------+--------+--------+--------+-----+--------+
         Total |   4290 |   4241 |     49 |   2841 |   1162 |   3 | 1430.0 |
       Dungeon |   4290 |   4241 |     49 |   2841 |   1162 |   3 | 1430.0 |
               +--------+--------+--------+--------+--------+-----+--------+

Top non-repeatable levels by time:
     D:1: 3198 daAuts
     D:2: 988 daAuts
     D:3: 103 daAuts
